 Dungeon Crawl Stone Soup version 0.28-a0-1038-g9c4cb8273d (webtiles) character file.

Game seed: 15695117985489683260

387 blank1 the Skirmisher (level 6, -4/57 HPs)
             Began as a Minotaur Fighter on Dec 9, 2021.
             Slain by an orc warrior (5 damage)
             ... on level 4 of the Dungeon.
             The game lasted 00:07:34 (2869 turns).

blank1 the Skirmisher (Minotaur Fighter)            Turns: 2869, Time: 00:07:35

Health: -4/57      AC:  8    Str: 23    XL:     6   Next: 49%
Magic:  5/5        EV:  7    Int:  5    God:
Gold:   79         SH:  4    Dex:  9    Spells: 5/5 levels left

rFire   . . .      SeeInvis .   a - +0 flail
rCold   . . .      Faith    .   c - +0 buckler
rNeg    + . .      Spirit   .   b - +0 scale mail
rPois   .          Reflect  .   (helmet restricted)
rElec   .          Harm     .   (no cloak)
rCorr   .          Rampage  .   s - +0 pair of gloves
Will    .....                   (no boots)
Stlth   ..........              (no amulet)
HPRegen 0.19/turn               e - ring of positive energy
MPRegen 0.09/turn               (no ring)

@: about to teleport, constricted
A: horns 2, retaliatory headbutt
a: no special abilities


You were on level 4 of the Dungeon.
You visited 1 branch of the dungeon, and saw 4 of its levels.

You collected 79 gold pieces.

Inventory:

Hand Weapons
 a - a +0 flail (weapon)
Armour
 b - a +0 scale mail (worn)
 c - a +0 buckler (worn)
 s - a +0 pair of gloves (worn)
Jewellery
 e - a ring of positive energy (left hand)
Wands
 m - a wand of flame (11)
Scrolls
 i - 2 scrolls of magic mapping {unknown}
 k - a scroll of enchant weapon {unknown}
 n - a scroll of immolation {unknown}
 o - a scroll of identify {unknown}
 p - a scroll of fear {unknown}
Potions
 d - 2 potions of might
 f - a potion of berserk rage {unknown}
 h - a potion of curing {unknown}
 j - a potion of invisibility {unknown}
 l - a potion of heal wounds {unknown}
 q - a potion of flight {unknown}
 r - a potion of lignification {unknown}
 t - a potion of haste {unknown}


   Skills:
 + Level 5.7 Fighting
 + Level 5.7 Maces & Flails
 - Level 4.0 Armour
 - Level 3.0 Dodging
 - Level 4.0 Shields


You had 5 spell levels left.
You didn't know any spells.
Your spell library was empty.

Dungeon Overview and Level Annotations

Branches:
Dungeon (4/15)
 Temple: D:4-7

Altars:
Fedhas

Shops:
D:3 ((=(:

Annotations:
D:4 Eustachio


Innate Abilities, Weirdness & Mutations

You have a pair of horns on your head.
You reflexively headbutt those who attack you in melee.


Message History

A puff of flame appears from out of thin air!
The puff of flame misses you.
The white imp disappears in a puff of smoke!
The orc warrior hits you with a +0 battleaxe!
Something hits you but does no damage. The orc hits you with a +0 flail.
The white imp picks up a beetle and eats it.
The ball python closely misses you. You furiously retaliate!
You headbutt the ball python, but do no damage.
The ball python closely misses you.
The orc priest hits you with a +0 hand axe.
You hit the orc priest.
The orc priest is severely wounded.
You block the orc warrior's attack. Something hits you.
The orc closely misses you.
The ball python bites you but does no damage.
You block the ball python's attack. The white imp gestures at you.
The puff of frost hits something.
An orc comes into view. It is wielding a +0 whip.
The orc priest suddenly complains.
The orc priest calls down the wrath of Beogh upon you.
Beogh smites you!
* * * LOW HITPOINT WARNING * * *
Eustachio hits you with a +0 falchion!
* * * LOW HITPOINT WARNING * * *
The orc warrior hits you but does no damage.
Something hits you but does no damage.
As you read the scroll labelled GUSHACL CECH, it crumbles to dust.
You feel strangely unstable.
It was a scroll of teleportation.
The orc shouts!
The orc closely misses you. You block the ball python's attack.
The ball python grabs you. The ball python constricts you.
The white imp gestures at you.
The puff of frost hits something.
The orc priest hits you with a +0 hand axe.
* * * LOW HITPOINT WARNING * * *
Eustachio mumbles some strange words.
Eustachio blinks!
The orc warrior hits you with a +0 battleaxe.
You die...

## ##$# ##### ####
....#####.#.###..##
....#..##.#..##...#
#..........#...## .
#.....#.#.##....#
...###.5...#.#.......#
......o§o....#.......#
.....5{@..##.##......#
......So.............#
.o....5.....@......####
................##.##.##
................#.###...
.....#####.........#...#
..... ............##
..... ##..........#
#.....>.#..#


You could see Eustachio, an orc warrior, an orc priest, a crimson imp
(summoned), a white imp (summoned), a shadow imp (summoned), 2 orcs and a ball
python.

Vanquished Creatures
  Pargi (D:4)
  A scorpion (D:4)
  A hound (D:4)
  Jessica (D:2)
  An iguana (D:4)
  An orc wizard (D:3)
  Robin (D:2)
  An adder (D:2)
  4 worms
  3 dart slugs
  5 orcs (D:3)
  10 ball pythons
  4 endoplasms
  3 giant cockroaches
  14 goblins
  6 hobgoblins
  8 jackals (D:1)
  4 quokkas
  2 bats
  3 frilled lizards
  10 kobolds
  7 rats
91 creatures vanquished.

Notes
Turn   | Place    | Note
-------+----------+-------------------------------------------
     0 | D:1      | blank1 the Minotaur Fighter began the quest for the Orb.
     0 | D:1      | Reached XP level 1. HP: 19/19 MP: 0/0
    68 | D:1      | Reached XP level 2. HP: 17/27 MP: 1/1
   459 | D:1      | Found a faded altar of an unknown god.
   541 | D:1      | Reached XP level 3. HP: 29/33 MP: 2/2
  1020 | D:2      | Noticed Robin
  1032 | D:2      | Reached skill level 1 in Dodging
  1038 | D:2      | Killed Robin
  1039 | D:2      | Reached XP level 4. HP: 19/40 MP: 3/3
  1324 | D:2      | Noticed Jessica
  1334 | D:2      | Killed Jessica
  1837 | D:3      | Found Cagruss's Weapon Shoppe.
  1843 | D:3      | Found Toehae's Antique Weapon Shoppe.
  1885 | D:3      | Reached XP level 5. HP: 41/46 MP: 4/4
  2103 | D:3      | Found Xotwail's Book Emporium.
  2254 | D:3      | Found Zoamp's Weapon Boutique.
  2264 | D:3      | Found Sarycwotz's Jewellery Shoppe.
  2355 | D:3      | Found a blossoming altar of Fedhas.
  2521 | D:4      | Noticed Pargi
  2544 | D:4      | Killed Pargi
  2545 | D:4      | Reached skill level 5 in Fighting
  2545 | D:4      | Reached skill level 5 in Maces & Flails
  2545 | D:4      | Reached XP level 6. HP: 21/56 MP: 5/5
  2858 | D:4      | Noticed an orc warrior
  2860 | D:4      | Noticed Eustachio
  2869 | D:4      | HP: 1/57 [orc priest (4)]
  2869 | D:4      | Slain by an orc warrior

Illustrated notes

Levels and vault maps discovered:
D:1:      dpeg_arrival_tiny_g, layout_rooms,
          shapermc_ecumenical_altar_notcrosses
D:2:      layout_basic, uniq_robin, uniq_jessica
D:3:      layout_rooms, fedhas_altar_fruit_tree, serial_shops, shop,
          nicolae_shop_stone, shop, shop, shop, minmay_between
D:4:      layout_cave_pools, mainiacjoe_overflow_alcove_4, hangedman_decor_push,
          uniq_pargi, uniq_eustachio

Skill      XL: |  1  2  3  4  5 |
---------------+----------------+-----
Armour         | 4 |  4.0
Shields        | 4 |  4.0
Fighting       | 4 5 |  5.7
Maces & Flails | 3 4 5 |  5.7
Dodging        | 1 3 |  3.0

Action                   |  1- 3 |  4- 6 || total
-------------------------+-------+-------++-------
Melee: Flail             |    87 |   143 ||   230
       Headbutt          |    12 |    21 ||    33
  Use: Scroll            |       |     1 ||     1
Armor: Scale mail        |    56 |    62 ||   118
Dodge: Dodged            |    42 |    78 ||   120
Block: Buckler           |    18 |    38 ||    56

Table legend: (Time is in decaauts)
 A = Elapsed time spent in this place.
 B = Non-inter-level travel time spent in this place.
 C = Inter-level travel time spent in this place.
 D = Time resting spent in this place.
 E = Time spent auto-exploring this place.
 F = Levels seen in this place.
 G = Mean time per level.
                   A        B        C        D        E       F      G
               +--------+--------+--------+--------+--------+-----+--------+
         Total |   2922 |   2813 |    109 |    525 |   1683 |   4 |  730.5 |
       Dungeon |   2922 |   2813 |    109 |    525 |   1683 |   4 |  730.5 |
               +--------+--------+--------+--------+--------+-----+--------+

Top non-repeatable levels by time:
     D:2: 1224 daAuts
     D:1: 763 daAuts
     D:3: 745 daAuts
     D:4: 188 daAuts
